 Dungeon Crawl Stone Soup version 0.30-a0-728-gc68057be0a (webtiles) character file.

Game seed: 10267717581411846671

20 zinnoa the Grasshopper (level 2, 26/26 HPs)
             Began as a Gnoll Warper on Jan 31, 2023.
             Quit the game on level 1 of the Dungeon.
             The game lasted 00:01:07 (864 turns).

zinnoa the Grasshopper (Gnoll Warper)                Turns: 864, Time: 00:01:08

Health: 26/26      AC:  3    Str: 16    XL:     2   Next: 79%
Magic:  7/7        EV: 12    Int: 12    God:
Gold:   62         SH:  0    Dex: 11    Spells: 10/10 levels left

rFire   . . .      SeeInvis .    a - +0 hand axe
rCold   . . .      Faith    .    (no shield)
rNeg    . . .      Spirit   .    b - +0 leather armour
rPois   .          Reflect  .    (no helmet)
rElec   .          Harm     .    (no cloak)
rCorr   .          Rampage  .    (no gloves)
Will    .....                    (no boots)
Stlth   +                        (no amulet)
HPRegen 0.24/turn                f - +6 ring of strength
MPRegen 0.10/turn                (no ring)

@: no status effects
A: fangs 1, strong nose, distributed training
a: no special abilities


You were on level 1 of the Dungeon.
You visited 1 branch of the dungeon, and saw 1 of its levels.

You collected 62 gold pieces.

Inventory:

Hand Weapons
 a - a +0 hand axe (weapon)
Missiles
 d - 7 boomerangs of dispersal (quivered)
Armour
 b - a +0 leather armour (worn)
Jewellery
 f - a +6 ring of strength (left hand)
Scrolls
 c - a scroll of blinking
 e - a scroll of poison {unknown}
 i - a scroll of identify {unknown}
Potions
 g - a potion of curing {unknown}
 h - 2 potions of degeneration {unknown}
 j - a potion of heal wounds {unknown}
 k - 2 potions of flight {unknown}
 l - a potion of invisibility {unknown}


   Skills:
 + Level 4.5 Fighting
 + Level 0.5 Short Blades
 + Level 0.5 Long Blades
 + Level 4.5 Axes
 + Level 0.5 Maces & Flails
 + Level 0.5 Polearms
 + Level 0.5 Staves
 + Level 0.5 Ranged Weapons
 + Level 2.5 Throwing
 + Level 2.5 Armour
 + Level 4.5 Dodging
 + Level 0.5 Stealth
 + Level 0.5 Shields
 + Level 0.5 Unarmed Combat
 + Level 4.9 Spellcasting
 + Level 0.4 Conjurations
 + Level 0.4 Hexes
 + Level 0.4 Summonings
 + Level 0.4 Necromancy
 + Level 5.4 Translocations
 + Level 0.4 Transmutations
 + Level 0.4 Fire Magic
 + Level 0.4 Ice Magic
 + Level 0.4 Air Magic
 + Level 0.4 Earth Magic
 + Level 0.4 Poison Magic
 + Level 0.7 Invocations
 + Level 0.5 Evocations


You had 10 spell levels left.
You didn't know any spells.
Your spell library contained the following spells:

 Spells                   Type           Power      Damage    Failure   Level
 Blink                    Tloc           30%        N/A       4%          2
 Lesser Beckoning         Tloc           30%        N/A       4%          2
 Teleport Other           Tloc           15%        N/A       8%          3
 Vhi's Electric Charge    Tloc/Air       18%        N/A       22%         3
 Manifold Assault         Tloc           15%        N/A       26%         4


Dungeon Overview and Level Annotations

Branches:
Dungeon (1/15)

Altars:


Innate Abilities, Weirdness & Mutations

You have very sharp teeth.
Your uncanny sense of smell can sniff out nearby items.
Your experience applies equally to all skills.


Message History

You now have 62 gold pieces (gained 8).
A bat comes into view.
A ball python comes into view.
The bat hits you but does no damage.
You closely miss the bat.
The ball python hisses angrily.
The bat barely misses you. The bat hits you. The bat closely misses you.
You barely miss the bat. The bat barely misses you.
The ball python closely misses you. The ball python grabs you.
The ball python constricts you.
You hit the ball python.
You kill the ball python!
The bat misses you. The bat hits you but does no damage.
You miss the bat. You bite the bat, but do no damage.
The bat barely misses you. The bat hits you but does no damage.
The bat closely misses you. The bat closely misses you.
Found a club.
The bat hits you but does no damage.
You hit the bat but do no damage. The bat hits you but does no damage. x2
The bat hits you but does no damage. x2
You hit the bat.
You kill the bat!
No target in view!
No target in view!
A kobold comes into view. It is wielding a +0 short sword.
You hit the kobold.
You kill the kobold!
No target in view!
No target in view!
No target in view!
Things that are here:
a +0 short sword; a kobold corpse
There is an open door here.
You open the door.
There is an open door here.
Done exploring.
No target in view!
No target in view!
Done exploring.
Are you sure you want to abandon this character and quit the game? (Confirm with "yes".)

##..##.##.# ###
#......##.# #.#
####...##.##.####.
#.................
#.##..#.#.########
#.##....#.# #
#.##.#..#.# ##
#.##.#..#.# ##.
#@......#.# ##..
####......# ##...
###....####....
##.......'....
#.....####....
#.##.## ##...
#.#### ##.. #.#
##. #.# ##


There were no monsters in sight!

Vanquished Creatures
  4 hobgoblins (D:1)
  3 kobolds (D:1)
  4 ball pythons (D:1)
  5 bats (D:1)
  2 frilled lizards (D:1)
  4 rats (D:1)
22 creatures vanquished.

Notes
Turn   | Place    | Note
-------+----------+-------------------------------------------
     0 | D:1      | zinnoa the Gnoll Warper began the quest for the Orb.
     0 | D:1      | Reached XP level 1. HP: 20/20 MP: 6/6
   306 | D:1      | Reached XP level 2. HP: 26/26 MP: 7/7
   864 | D:1      | Quit the game

Illustrated notes

Levels and vault maps discovered:
D:1:      noname_arrival_rooms_in_the_neighbourhood, layout_loops_corners

Action                     || total
---------------------------++-------
  Melee: Hand axe          ||    53
         Bite              ||     4
 Armour: Leather armour    ||    15
  Dodge: Dodged            ||    35

Table legend: (Time is in decaauts)
 A = Elapsed time spent in this place.
 B = Non-inter-level travel time spent in this place.
 C = Inter-level travel time spent in this place.
 D = Time resting spent in this place.
 E = Time spent auto-exploring this place.
 F = Levels seen in this place.
 G = Mean time per level.
                   A        B        C        D        E       F      G
               +--------+--------+--------+--------+--------+-----+--------+
         Total |    867 |    863 |      4 |     32 |    713 |   1 |  867.0 |
       Dungeon |    867 |    863 |      4 |     32 |    713 |   1 |  867.0 |
               +--------+--------+--------+--------+--------+-----+--------+

Top non-repeatable levels by time:
     D:1: 867 daAuts
